 Dungeon Crawl Stone Soup version 0.30-a0-1074-g5db6f66fbb (webtiles) character file.

Game seed: 18086389609156289652

221 senseless the Shooter (level 5, -2/25 (28) HPs)
             Began as a Spriggan Hunter on Apr 13, 2023.
             Slain by Grinder (7 damage)
             ... on level 4 of the Dungeon.
             The game lasted 00:08:10 (1956 turns).

senseless the Shooter (Spriggan Hunter)             Turns: 1956, Time: 00:08:10

HP:   -2/25 (28)    AC:  3    Str:  7    XL:     5   Next: 65%
MP:   4/6           EV: 19    Int: 11    God:
Gold: 194           SH:  0    Dex: 20    Spells: 3/4 levels left

rFire   . . .      SeeInvis +    a - +0 shortbow
rCold   . . .      Faith    .    (shield currently unavailable)
rNeg    . . .      Spirit   .    c - +1 robe
rPois   .          Reflect  .    (helmet restricted)
rElec   .          Rampage  .    (no cloak)
rCorr   +                        (gloves unavailable)
Will    .....                    (boots unavailable)
Stlth   +++                      (no amulet)
HPRegen 0.24/turn                d - ring of resist corrosion
MPRegen 0.10/turn                (no ring)

@: flying, heavily drained, very quick
A: very small, no large weapons, unfitting armour, see invisible, speed 3
a: no special abilities


You were on level 4 of the Dungeon.
You visited 1 branch of the dungeon, and saw 5 of its levels.

You collected 194 gold pieces.

Inventory:

Hand Weapons
 a - a +0 shortbow (weapon)
 l - a +1 war axe of freezing
Armour
 c - a +1 robe (worn)
Jewellery
 d - a ring of resist corrosion (left hand)
 h - a ring of fire
 r - a ring of fire
Wands
 k - a wand of digging (4)
 n - a wand of paralysis (7)
Scrolls
 b - 2 scrolls of immolation
 p - a scroll of amnesia
Potions
 f - a potion of berserk rage {unknown}
 g - 5 potions of curing
 i - 3 potions of lignification
 j - 2 potions of might {unknown}
 o - a potion of brilliance {unknown}


   Skills:
 + Level 2.8 Fighting
 + Level 4.9 Ranged Weapons
 + Level 4.5 Dodging
 + Level 4.4 Stealth


You had 3 spell levels left.
You knew the following spells:

 Your Spells              Type           Power      Damage    Failure   Level
a - Sandblast             Erth           0%         2d4       34%         1

Your spell library contained the following spells:

 Spells                   Type           Power      Damage    Failure   Level
 Passwall                 Tmut/Erth      0%         N/A       47%         2
 Poisonous Vapours        Pois/Air       0%         N/A       47%         2
 Mephitic Cloud           Conj/Pois/Air  0%         N/A       71%         3
 Stone Arrow              Conj/Erth      0%         3d7       71%         3
 Freezing Cloud           Conj/Ice/Air   0%         6-21      100%        5


Dungeon Overview and Level Annotations

Branches:
Dungeon (5/15)
 Temple: D:4-7

Altars:
Elyvilon

Shops:
D:1 [[=!

Annotations:
D:4 Grinder


Innate Abilities, Weirdness & Mutations

You are very small and have problems with some larger weapons.
You are too small for most types of armour.
You have supernaturally acute eyesight. (SInv)
You cover ground extremely quickly. (Speed+++)


Message History

You shoot an arrow. The arrow completely misses Grinder.
Grinder gestures at you. You resist with some effort.
You shoot an arrow. The arrow hits Grinder.
Grinder is moderately wounded.
You shoot an arrow. The arrow hits Grinder!
Grinder is heavily wounded.
You shoot an arrow. The arrow closely misses Grinder.
Grinder barely misses you. Grinder hits you.
You writhe in agony.
The blast of sand hits Grinder but does no damage.
Grinder is heavily wounded.
Grinder hits you.
You writhe in agony.
You are too injured to fight recklessly!
You are too injured to fight recklessly!
You are too injured to fight recklessly!
You are too injured to fight recklessly!
You shoot an arrow. The arrow hits Grinder.
Grinder is heavily wounded.
Grinder misses you.
You shoot an arrow. The arrow hits Grinder.
Grinder is heavily wounded.
Grinder misses you. x2
You shoot an arrow. The arrow hits Grinder.
Grinder is heavily wounded.
Grinder says, "Mostly I couldn't keep them alive."
Grinder gestures at you. Pain shoots through your body!
* * * LOW HITPOINT WARNING * * *
It was a potion of flight.
You feel very buoyant.
You fly up into the air.
Grinder barely misses you.
You shoot an arrow. The arrow barely misses Grinder.
Grinder gestures at you.
You suddenly lose the ability to move!
Grinder hits you but does no damage.
You can move again.
You shoot an arrow. The arrow hits Grinder!
Grinder is severely wounded.
Grinder misses you. Grinder hits you!
You die...

##.#.#.##
#....###
#.#.....
#########.#.####
#.........#.#
#.#########.#
#.# #.# #####.#
#.# #..@..# #.#
#...5#### #.#
###.. #.# #..
#.. #.. #.. #..


You could see Grinder.

Vanquished Creatures
  A wight (D:4)
  A hound (D:3)
  Jessica (D:3)
  An adder (D:2)
  A worm (D:2)
  4 dart slugs
  4 orcs (D:3)
  11 ball pythons
  5 endoplasms
  5 giant cockroaches (D:2)
  11 goblins
  7 hobgoblins
  7 jackals
  7 kobolds
  2 quokkas
  6 bats
  2 frilled lizards (D:1)
  2 rats
78 creatures vanquished.

Vanquished Creatures (others)
  A butterfly (D:5)
1 creature vanquished.

Grand Total: 79 creatures vanquished

Notes
Turn   | Place    | Note
-------+----------+-------------------------------------------
     0 | D:1      | senseless the Spriggan Hunter began the quest for the Orb.
     0 | D:1      | Reached XP level 1. HP: 10/10 MP: 2/2
    26 | D:1      | Reached XP level 2. HP: 15/15 MP: 3/3
   110 | D:1      | Found Hioxegi's Armour Shoppe.
   153 | D:1      | Found Opyshuv's Jewellery Shoppe.
   238 | D:1      | Found a faded altar of an unknown god.
   272 | D:1      | Found Yfexeal's Distillery.
   312 | D:1      | Reached XP level 3. HP: 18/18 MP: 4/4
   431 | D:1      | Found Dewk's Antique Armour Emporium.
   686 | D:2      | Reached XP level 4. HP: 19/23 MP: 5/5
   732 | D:2      | Found a white marble altar of Elyvilon.
  1045 | D:3      | Noticed Jessica
  1046 | D:3      | Killed Jessica
  1271 | D:3      | Learned a level 1 spell: Sandblast
  1344 | D:3      | Reached XP level 5. HP: 27/27 MP: 6/6
  1617 | D:4      | You fall into a shaft and drop 1 floor!
  1617 | D:5      | Entered Level 5 of the Dungeon
  1938 | D:4      | Noticed Grinder
  1954 | D:4      | Paralysed by Grinder for 2 turns
  1956 | D:4      | Slain by Grinder

Illustrated notes

Levels and vault maps discovered:
D:1:      dpeg_arrival_tiny_h, layout_basic, ebering_ecumenical_altar_hall,
          serial_shops, nicolae_shop_advertising_works
          [nicolae_subvault_shop_adworks],
          nicolae_shop_competitors_out_of_business, shop, shop_fountains,
          minmay_hexomino_f4
D:2:      layout_rooms, basic_altar, kennysheep_generic_room_15
D:3:      layout_basic, kennysheep_vampire_church, solitary_fountain,
          due_unseen_surprise, uniq_jessica
D:4:      cheibrodos_barr_body, layout_loops_ring,
          yredelemnul_forgotten_temple_becter, okawaru_metal_pillars_3,
          nemelex_spade_bored_becter, uniq_grinder, uniq_eustachio, uniq_natasha
D:5:      layout_layer_cave, nicolae_elyvilon_peaceful_grove,
          minmay_temple_entry_junction, uniq_menkaure, uniq_ijyb

Skill      XL: |  1  2  3  4  5 |
---------------+----------------+-----
Stealth        | 2 3 4 |  4.4
Dodging        | 3 4 |  4.5
Fighting       | 2 |  2.8
Ranged Weapons | |  4.9

Action                     |  1- 3 |  4- 6 || total
---------------------------+-------+-------++-------
   Fire: Shortbow          |    97 |   107 ||   204
   Cast: Sandblast         |       |     4 ||     4
  Evoke: Wand              |       |     1 ||     1
    Use: Scroll            |       |     5 ||     5
         Potion            |       |     1 ||     1
 Armour: Robe              |     4 |     3 ||     7
  Dodge: Dodged            |    23 |    23 ||    46

Table legend: (Time is in decaauts)
 A = Elapsed time spent in this place.
 B = Non-inter-level travel time spent in this place.
 C = Inter-level travel time spent in this place.
 D = Time resting spent in this place.
 E = Time spent auto-exploring this place.
 F = Levels seen in this place.
 G = Mean time per level.
                   A        B        C        D        E       F      G
               +--------+--------+--------+--------+--------+-----+--------+
         Total |   1410 |   1348 |     62 |     61 |    843 |   5 |  282.0 |
       Dungeon |   1410 |   1348 |     62 |     61 |    843 |   5 |  282.0 |
               +--------+--------+--------+--------+--------+-----+--------+

Top non-repeatable levels by time:
     D:3: 420 daAuts
     D:1: 409 daAuts
     D:2: 373 daAuts
     D:4: 191 daAuts
     D:5: 15 daAuts
